 Dungeon Crawl Stone Soup version 0.22-a0-605-g9281fa2 (webtiles) character file.

87 Amnesiac the Cutter (level 4, 0/21 HPs)
             Began as a Spriggan Transmuter on July 8, 2018.
             Slain by Robin
             ... wielding a +0 spear
              (4 damage)
             ... on level 3 of the Dungeon.
             The game lasted 00:02:48 (2011 turns).

Amnesiac the Cutter (Spriggan Transmuter)           Turns: 2011, Time: 00:02:49

Health: 0/21       AC:  2    Str:  6    XL:     4   Next: 28%
Magic:  9/9        EV: 18    Int: 15    God:
Gold:   101        SH:  0    Dex: 16    Spells: 5/8 levels left

rFire    . . .     SeeInvis +   c - +3 short sword (elec)
rCold    . . .     Gourm    .   (shield restricted)
rNeg     . . .     Faith    .   b - +0 robe
rPois    .         Spirit   .   (helmet restricted)
rElec    .         Reflect  .   (no cloak)
rCorr    .         Harm     .   (gloves unavailable)
MR       .....                  (boots unavailable)
Stlth    ++........             (no amulet)
HPRegen  0.07/turn              (no ring)
MPRegen  0.11/turn              (no ring)

@: very quick
A: very small, unfitting armour, see invisible, herbivore, speed 3, slow
metabolism 2
a: no special abilities


You were on level 3 of the Dungeon.
You were not hungry.

You visited 1 branch of the dungeon, and saw 3 of its levels.

You collected 101 gold pieces.

Inventory:

Hand Weapons
 c - a +3 short sword of electrocution (weapon)
Missiles
 a - 12 arrows
Armour
 b - a +0 robe (worn)
Scrolls
 e - 3 scrolls of remove curse {!r, unknown}
 f - 2 scrolls of magic mapping {!r, unknown}
 h - 3 scrolls of identify {!r, unknown}
 j - a scroll of noise {!r, unknown}
 m - a scroll of amnesia {!r, unknown}
 n - a scroll of enchant armour {!r, unknown}
Potions
 g - a potion of flight {!q, unknown}
 i - 2 potions of heal wounds {!q, unknown}
 k - a potion of curing {!q, unknown}
 l - a potion of haste {!q, unknown}
 o - a potion of agility {!q, unknown}
Comestibles
 d - a ration


   Skills:
 - Level 0.8 Fighting
 - Level 4.1 Short Blades
 - Level 3.1 Dodging
 + Level 0.9 Stealth
 - Level 2.4 Unarmed Combat
 - Level 2.7 Spellcasting
 - Level 2.7 Transmutations


You had 5 spell levels left.
You knew the following spells:

 Your Spells              Type           Power        Failure   Level  Hunger
a - Beastly Appendage     Tmut           ##....       7%          1    #......
b - Sticks to Snakes      Tmut           ##......     10%         2    ##.....

Your spell library contained the following spells:

 Spells                   Type           Power        Failure   Level  Hunger
 Spider Form              Tmut/Pois      #.........   34%         3    ###....
 Blade Hands              Tmut           ##........   88%         5    ######.
 Ice Form                 Ice/Tmut       #.......     75%         4    #####..


Dungeon Overview and Level Annotations

Branches:
Dungeon (3/15)

Altars:

Annotations:
D:3 Robin


Innate Abilities, Weirdness & Mutations

You are very small and have problems with some larger weapons.
You are too small for most types of armour.
You have supernaturally acute eyesight. (SInv)
You are a herbivore.
You cover ground extremely quickly.
You need to consume almost no food.


Message History

The goblin shouts! x2; You hear a shout! x4
A goblin comes into view. x3
The goblin moves out of view.
You hear a shout! x2
A hobgoblin comes into view.
The hobgoblin shouts!
The goblin shouts!
The kobold shouts!
There are monsters nearby! 4 goblins, a hobgoblin and Robin come into view.
The goblin shouts! x3
Robin throws the goblin at you!
The kobold wields a blowgun.
The kobold shoots a poisoned needle.
The poisoned needle closely misses you.
There are monsters nearby!
You closely miss the goblin. The goblin hits you.
The goblin hits you but does no damage. The goblin closely misses you.
The kobold shoots a poisoned needle.
The poisoned needle misses you.
The kobold shoots a poisoned needle.
The poisoned needle completely misses you.
You swing at nothing.
You swing at nothing.
You barely miss the goblin. The goblin completely misses you.
You closely miss the goblin. The goblin misses you.
You hit the goblin.
You kill the goblin!
You hit the goblin.
The goblin is severely wounded.
The goblin barely misses you.
You puncture the goblin!
You kill the goblin!
You miss the goblin. The goblin closely misses you.
You miss the goblin. The goblin misses you.
You hit the goblin.
You kill the goblin!
You barely miss the goblin. The goblin completely misses you.
Robin throws the goblin at you!
You barely miss the goblin. The goblin misses you.
The goblin closely misses you. Robin completely misses you.
You closely miss the goblin. The goblin misses you.
The goblin barely misses you.
Robin roars a battlecry!
The goblins go into a battle-frenzy!
You hear a shout!
You hit the goblin.
The goblin is heavily wounded.
The goblin closely misses you. The goblin hits you but does no damage.
Robin throws the goblin at you!
You hit the goblin.
The goblin is severely wounded.
The goblin hits you. The goblin hits you but does no damage.
The goblin closely misses you.
You closely miss the goblin.
The goblin is heavily wounded.
The goblin closely misses you. The goblin hits you with a dagger.
* * * LOW HITPOINT WARNING * * *
You puncture the goblin!
You kill the goblin!
Robin throws the goblin at you! The goblin barely misses you.
You miss the goblin. The goblin closely misses you.
The goblin completely misses you.
A hobgoblin comes into view. It is wielding a club.
The goblin hits you.
* * * LOW HITPOINT WARNING * * *
You closely miss the goblin. The goblin misses you.
The goblin completely misses you. Robin hits you from afar with a spear.
You die...

#. #.# ..
#.########.#
..#........
#.#g####
#.#@g.<#
.####gg#####..#
#...(.gg...K...#
#######g.#####.#
......g.gg.gg..
#######.ggg....
#..g.g...
#........
#........


You could see Robin, 2 hobgoblins and 5 goblins.

Vanquished Creatures
  4 adders (D:2)
  An ooze (D:1)
  A leopard gecko (D:1)
  2 ball pythons
  A giant cockroach (D:1)
  10 goblins
  4 hobgoblins
  3 kobolds
  7 bats
  2 frilled lizards (D:2)
  9 rats
44 creatures vanquished.

Notes
Turn   | Place    | Note
-------+----------+-------------------------------------------
     0 | D:1      | Amnesiac the Spriggan Transmuter began the quest for the Orb.
     0 | D:1      | Reached XP level 1. HP: 9/9 MP: 5/5
   147 | D:1      | Reached skill level 1 in Short Blades
   179 | D:1      | Reached XP level 2. HP: 9/14 MP: 6/6
   184 | D:1      | Learned a level 2 spell: Sticks to Snakes
   277 | D:1      | Reached skill level 2 in Short Blades
   526 | D:1      | Reached XP level 3. HP: 13/17 MP: 8/8
   731 | D:2      | Reached skill level 3 in Short Blades
  1235 | D:2      | Reached XP level 4. HP: 12/21 MP: 9/9
  1378 | D:2      | Reached skill level 4 in Short Blades
  1988 | D:3      | Noticed Robin
  2011 | D:3      | Slain by Robin

Vault maps used:
D:1:      elethiomel_arrival_diamonds
D:2:      serial_park_tiny_pond, serial_bayou_crossing
D:3:      uniq_robin

Skill      XL: |  1  2  3  4 |
---------------+-------------+-----
Short Blades   | 1 2 3 4 |  4.1
Fighting       | |  0.8
Dodging        | |  3.1
Stealth        | |  0.9
Unarmed Combat | |  2.4
Spellcasting   | |  2.7
Transmutations | |  2.7

Action                   |  1- 3 |  4- 6 || total
-------------------------+-------+-------++-------
Melee: Short sword       |    62 |    36 ||    98
       Unarmed           |    13 |       ||    13
       Kick              |     3 |       ||     3
       Headbutt          |     2 |       ||     2
       Punch             |     2 |     1 ||     3
 Cast: Beastly Appendage |     3 |       ||     3
 Stab: Sleeping          |     2 |       ||     2
Armor: Robe              |     6 |     5 ||    11
Dodge: Dodged            |    46 |    44 ||    90

Table legend:
 A = Spawn XP
 B = Non-spawn XP
 C = Spawn XP percentage of total XP
 D = Spawn monster count
 E = Non-spawn monster count
 F = Spawn count percentage of total count
 G = Total turns spent on level
                    A         B        C        D         E        F      G
               +---------+---------+-------+---------+---------+-------+---------
         Total |       0 |     125 |   0.0 |       0 |      44 |   0.0 |  2011
               +---------+---------+-------+---------+---------+-------+---------
           D:1 |       0 |      46 |   0.0 |       0 |      25 |   0.0 |   732
           D:2 |       0 |      71 |   0.0 |       0 |      15 |   0.0 |  1249
           D:3 |       0 |       8 |   0.0 |       0 |       4 |   0.0 |    30
               +---------+---------+-------+---------+---------+-------+---------
